 Dungeon Sprint DCSS version 0.30.1-11-g7821555f0a (webtiles) character file.

Game seed: 16273894485409039923

195 Heoruswealwe the Spear-Bearer (level 5, -3/53 HPs)
             Began as a Minotaur Fighter on Jan 9, 2024.
             Was an Initiate of Gozag.
             Slain by a komodo dragon (17 damage)
             ... in the Dungeon (Sprint IX: "|||||||||||||||||||||||||||||").
             The game lasted 00:02:41 (160 turns).

Heoruswealwe the Spear-Bearer (Minotaur Fighter)     Turns: 160, Time: 00:02:42

Health: -3/53      AC: 20    Str: 22    XL:     5   Next: 45%
Magic:  4/4        EV: 12    Int:  5    God:    Gozag
Gold:   0          SH:  0    Dex: 10    Spells: 4/4 levels left

rFire   . . .        b - +2 halberd (protect)
rCold   . . .        (shield currently unavailable)
rNeg    . . .        c - +2 ring mail
rPois   .            (helmet restricted)
rElec   .            (no cloak)
rCorr   .            f - +0 pair of gloves
SInv    .            e - +0 pair of boots
Will    .....        (no amulet) Stlth
                     k - +2 ring of protection
HPRegen 0.28/turn    j - +2 ring of evasion
MPRegen 0.09/turn

%: no teleportation
@: gold aura, under a protective aura
A: horns 2, retaliatory headbutt
a: Renounce Religion, Potion Petition, Call Merchant, Bribe Branch


You were in the Dungeon.
You worshipped Gozag.
Gozag was noncommittal.
You visited 1 branch

Inventory:

Hand Weapons
 a - a +0 trident
 b - a +2 halberd of protection (weapon)
Armour
 c - a +2 ring mail (worn)
 d - a +0 buckler
 e - a +0 pair of boots (worn)
 f - a +0 pair of gloves (worn)
Jewellery
 j - a +2 ring of evasion (right hand)
 k - a +2 ring of protection (left hand)
Wands
 h - a wand of iceblast (10)
Scrolls
 o - 2 scrolls of blinking
Potions
 g - a potion of haste
 i - a potion of berserk rage
 l - 3 potions of heal wounds
 m - 5 potions of curing
 n - a potion of might


   Skills:
 + Level 7.7 Fighting
 * Level 9.9 Polearms
 + Level 7.7 Armour
 - Level 3.6 Shields


You had 4 spell levels left.
You didn't know any spells.
Your spell library was empty.

Dungeon Overview and Level Annotations

Branches:
Dungeon (1/1)

Altars:
Cheibriados
Dithmenos
Elyvilon
Fedhas
Gozag
Hepliaklqana
Kikubaaqudgha
Makhleb
Nemelex Xobeh
Okawaru
Qazlal
Ru
Sif Muna
Trog
Uskayaw
Vehumet
Wu Jian
Xom
Yredelemnul
Zin
The Shining One
Jiyva
Lugonu


Innate Abilities, Weirdness & Mutations

You have a pair of horns on your head.
You reflexively headbutt those who attack you in melee.


Message History

The yak gores you.
You closely miss the yak.
The yak is moderately wounded.
The yak barely misses you. You furiously retaliate!
You headbutt the yak! You slash the yak!
The yak is severely wounded.
The yak gores you.
You puncture the yak!
You kill the yak!
The troll is distracted by your dazzling golden aura.
The komodo dragon bites you!
Your Fighting skill gained 2 levels and is now at level 7!
Your Polearms skill gained 3 levels and is now at level 9!
Your Armour skill gained 2 levels and is now at level 7!
You have reached level 4!
You feel agile.
You have reached level 5!
You barely miss the komodo dragon.
The troll shouts!
Your headbutt misses the komodo dragon. The komodo dragon bites you.
You closely miss the komodo dragon.
You headbutt the komodo dragon, but do no damage.
The troll is no longer distracted by gold.
The komodo dragon bites you but does no damage.
You hit the komodo dragon.
The komodo dragon is lightly wounded.
The komodo dragon closely misses you.
You puncture the komodo dragon!
The komodo dragon is heavily wounded.
The komodo dragon barely misses you.
You slash the komodo dragon!
You headbutt the komodo dragon, but do no damage.
The komodo dragon is heavily wounded.
The komodo dragon bites you!
* * * LOW HITPOINT WARNING * * *
You hit the komodo dragon. You headbutt the komodo dragon.
The komodo dragon is severely wounded.
The komodo dragon bites you!
You die...
Your body crumbles into a pile of gold.

$
▓.▓
$
▓.▓
$ $
▓O▓
$
▓T▓
$
▓{▓
▓o▓
$ $
▓l▓
$
▓@▓
$
▓.▓
▓.▓
$
▓.▓
▓.▓
$
▓[▓
$
▓)▓
$
▓?▓
$
▓!▓


You could see a two-headed ogre, a komodo dragon, a troll and an orc warrior.

Vanquished Creatures
  A yak (D)
  An iguana (D)
  2 adders (D)
  A worm (D)
  A dart slug (D)
  An orc (D)
  A bat (D)
  An endoplasm (D)
  A giant cockroach (D)
  A hobgoblin (D)
11 creatures vanquished.

Notes
Turn   | Place    | Note
-------+----------+-------------------------------------------
     0 | D        | Heoruswealwe the Minotaur Fighter began the quest for the
                  | Orb.
     0 | D        | Reached XP level 1. HP: 19/19 MP: 0/0
     7 | D        | Reached skill level 3 in Polearms
    14 | D        | Reached skill level 4 in Polearms
    19 | D        | Reached XP level 2. HP: 22/28 MP: 1/1
    53 | D        | Reached skill level 5 in Fighting
    53 | D        | Reached skill level 5 in Polearms
    53 | D        | Reached skill level 5 in Armour
    53 | D        | Reached XP level 3. HP: 18/36 MP: 2/2
    59 | D        | Reached skill level 6 in Polearms
    73 | D        | Found a snail-covered altar of Cheibriados.
    73 | D        | Found a shadowy altar of Dithmenos.
    73 | D        | Found a white marble altar of Elyvilon.
    73 | D        | Found a blossoming altar of Fedhas.
    73 | D        | Found an opulent altar of Gozag.
    74 | D        | Found a hazy altar of Hepliaklqana.
    75 | D        | Found a viscous altar of Jiyva.
    76 | D        | Found an ancient bone altar of Kikubaaqudgha.
    77 | D        | Found a corrupted altar of Lugonu.
    78 | D        | Found a burning altar of Makhleb.
    79 | D        | Found a sparkling altar of Nemelex Xobeh.
    80 | D        | Found an iron altar of Okawaru.
    81 | D        | Became a worshipper of Gozag Ym Sagoz the Greedy
    82 | D        | Found a stormy altar of Qazlal.
    83 | D        | Found a sacrificial altar of Ru.
    84 | D        | Found a shimmering blue altar of Sif Muna.
    85 | D        | Found a bloodstained altar of Trog.
    86 | D        | Found a hide-covered altar of Uskayaw.
    87 | D        | Found a radiant altar of Vehumet.
    88 | D        | Found an ornate altar of the Wu Jian Council.
    89 | D        | Found a shimmering altar of Xom.
    90 | D        | Found a basalt altar of Yredelemnul.
    91 | D        | Found a glowing silver altar of Zin.
    92 | D        | Found a glowing golden altar of the Shining One.
   150 | D        | Noticed a two-headed ogre
   150 | D        | Noticed a troll
   150 | D        | Noticed an orc warrior
   150 | D        | Noticed a komodo dragon
   150 | D        | Noticed a yak
   154 | D        | Killed a yak
   155 | D        | Reached skill level 9 in Polearms
   155 | D        | Reached XP level 4. HP: 26/48 MP: 3/3
   155 | D        | Reached XP level 5. HP: 29/53 MP: 4/4
   160 | D        | Slain by a komodo dragon

Illustrated notes

Levels and vault maps discovered:
D:        linesprint [early_d, line_temple, items_1, d_10, items_2, lair_1,
          lair_end, items_3, orc_1, orc_end, items_4, d_15, swamp_1, shoals_1,
          snake_1, spider_1, d_20, vaults_1, items_5, swamp_end, shoals_end,
          snake_end, spider_end, vaults_end, d_27, items_6, zot_1, zot_end,
          crypt_end, forest_end, elf_end, slime_end, tomb_end, abyss_end,
          pan_hell_end]

Skill      XL: |  1  2  3 |
---------------+----------+-----
Fighting       | 4 5 7 |  7.7
Polearms       | 4 5 9 |  9.9
Armour         | 4 5 7 |  7.7
Shields        | |  3.6

Action                     |  1- 3 |  4- 6 || total
---------------------------+-------+-------++-------
  Melee: Trident           |    34 |       ||    34
         Headbutt          |     3 |     3 ||     6
         Halberd           |     4 |     6 ||    10
 Armour: Scale mail        |    10 |       ||    10
         Ring mail         |       |     1 ||     1
  Dodge: Dodged            |    11 |     2 ||    13
  Block: Buckler           |     6 |       ||     6
